cohdb
Replays
Latest Replays
All Replays
Popular Replays
Top Player Replays
Match Explorer
How It Works
Community
CoH3 Stats
Reddit
Sign in to upload your games and track your stats! →
Sign in with Steam
Match 47123536
Unlisted
Match 47123536
Overview
Messages
Build Orders
End
Selects Italian Coastal Battlegroup
Selects Coastal Reserves
Coastal Reserve
Pioneer Squad
Coastal Reserve
Coastal Reserve
Construct Infanterie Kompanie
MG 42 Machine Gun Team
Construct Luftwaffe Kompanie
Medical Station
Flak 30 Anti-aircraft Gun Team
Selects Designate Defensive Line
Selects Rapid Fortifications
Jäger Squad
Designate Defensive Line
Rapid Fortifications
Medical Bunker
Construct Panzer Kompanie
Panzer IV Medium Tank
Panzer IV Medium Tank
Panzer Officer Quarters
Luftwaffe Officer Quarters
Selects Artillery Officer
Selects Obice da 210/22 Artillery Emplacement
Rapid Fortifications
MG 42 Bunker
Panzer IV Medium Tank
Rapid Fortifications
Side Skirts
MG 42 Bunker
Panzer IV Medium Tank
From Voodoo to Zen
Timeless
Angrybirds
Cpt Darling
0
0
Comments
sign in to comment!
No comments posted yet!